Map: Abyssal Reef LE

Players

Lambo

  • Race: Zerg Zerg
  • Spawn Location: 11:00

GAMETIME - Winner!

  • Race: Zerg Zerg
  • Spawn Location: 5:00

Event: WCS Montreal 2017

VOD

Have the link to the VOD?

Description

Time

  • Played on: Sept. 8, 2017, 11:52 a.m.
  • Length: 3:48

All games in this series

Show
View Real Time Build Order
Export as new Build Order

Lambo Zerg 

Build Orders: Pool First 

Get SALT Encoding   

  12  0:17  Spawning Pool  
  11  0:22  Drone  
  11  0:26  Drone  
  13  0:31  Drone  
  14  0:40  Overlord  
  15  1:04  Zergling x4  
  15  1:05  Zergling x2  
  17  1:16  Zergling x2  
  18  1:21  Hatchery  
  17  1:27  Zergling x2  
  18  1:34  Queen  
  18  1:39  Zergling x2  
  21  1:50  Overlord  
  21  1:59  Spine Crawler  
  21  2:01  Drone  
  21  2:11  Queen  
  23  2:23  Drone x2  
  24  2:35  Queen  
  23  2:38  Zergling x2  
  24  2:45  Zergling x4  
  26  2:55  Queen  
  26  3:04  Spine Crawler  
  24  3:08  Zergling x2  
  24  3:09  Zergling x2  
  21  3:23  Zergling x2  
Show
View Real Time Build Order
Export as new Build Order

GAMETIME Zerg - Winner!

Build Orders: 1 Base Baneling Bust, Pool Only 

Get SALT Encoding   

  12  0:00  Drone  
  13  0:19  Extractor  
  12  0:24  Spawning Pool  
  11  0:29  Drone  
  11  0:32  Drone  
  13  0:37  Drone  
  14  0:52  Overlord  
  14  1:10  Queen  
  16  1:12  Zergling x2  
  16  1:15  Zergling x2  
  18  1:20  Zergling x2  
  19  1:27  Metabolic Boost  
  19  1:32  Zergling x2  
  20  1:37  Zergling x2  
  21  1:51  Baneling Nest  
  21  1:53  Zergling x2  
  21  1:59  Overlord  
  21  2:07  Zergling x2  
  22  2:18  Zergling x4  
  22  2:20  Zergling x2  
  25  2:24  Zergling x2  
  25  2:29  Zergling x2  
  26  2:41  Zergling x2  
  26  2:42  Baneling  
  27  2:46  Baneling  
  27  2:48  Baneling  
  27  2:51  Baneling  
  27  3:03  Baneling  
  27  3:04  Zergling x4  
  23  3:32  Baneling  
  23  3:33  Baneling  
Tags
 
Add a new tag
Caveats
  • Supply blocks, unpowered buildings, or Contaminate may cause inaccurate times.
  • Supply counts are checked every 10 seconds.